Map: Proxima Station LE

Players

Minato

  • Race: Zerg Zerg
  • Spawn Location: 7:00

thermy (uThermal) - Winner!

  • Race: Terran Terran
  • Spawn Location: 1:00

Event: WCS Valencia 2017

VOD

Have the link to the VOD?

Description

Time

  • Played on: July 13, 2017, 9:19 a.m.
  • Length: 10:04

All games in this series

Show
View Real Time Build Order
Export as new Build Order

Minato Zerg 

Build Orders: Hatch First 

Get SALT Encoding   

  12  0:01  Drone  
  13  0:13  Overlord  
  13  0:17  Drone  
  14  0:31  Drone x2  
  14  0:34  Drone  
  17  0:55  Hatchery  
  17  0:56  Drone  
  17  0:58  Drone  
  18  1:11  Extractor  
  17  1:12  Spawning Pool  
  17  1:16  Drone  
  17  1:19  Drone  
  18  1:28  Drone  
  19  1:39  Overlord  
  19  1:51  Drone  
  20  2:00  Queen  
  23  2:01  Zergling x2  
  23  2:06  Zergling x2  
  23  2:07  Queen  
  26  2:10  Metabolic Boost  
  26  2:12  Drone  
  27  2:18  Drone  
  29  2:22  Drone  
  29  2:36  Queen  
  30  2:39  Spore Crawler  
  30  2:45  Hatchery  
  30  2:47  Spore Crawler  
  30  2:51  Drone  
  29  2:57  Queen  
  32  3:01  Overlord  
  32  3:02  Drone  
  34  3:05  Drone  
  34  3:06  Drone  
  34  3:09  Drone  
  36  3:20  Drone x3  
  36  3:21  Drone x2  
  36  3:24  Drone  
  42  3:29  Drone x2  
  44  3:43  Overlord x3  
  44  3:56  Queen  
  44  3:57  Queen  
  44  3:58  Queen  
  44  4:02  Drone x3  
  53  4:03  Drone  
  53  4:06  Zergling x4  
  53  4:07  Zergling x2  
  57  4:12  Drone x2  
  57  4:15  Drone x2  
  62  4:17  Drone  
  62  4:19  Drone x2  
  64  4:25  Zergling x4  
  64  4:26  Zergling x4  
  68  4:32  Drone x3  
  68  4:37  Lair  
  71  4:39  Drone  
  71  4:41  Extractor, Drone  
  71  4:42  Extractor, Drone  
  72  4:47  Spore Crawler  
  71  4:56  Drone x3  
  75  5:06  Overlord  
  75  5:07  Overlord x3  
  75  5:10  Spore Crawler  
  74  5:26  Drone x7  
  74  5:27  Drone x3  
  85  5:29  Extractor  
  85  5:31  Drone  
  85  5:32  Extractor  
  85  5:33  Extractor  
  83  5:36  Baneling Nest, Drone  
  83  5:37  Evolution Chamber  
  83  5:38  Drone, Hydralisk Den  
  83  5:40  Evolution Chamber  
  81  5:43  Drone  
  81  5:47  Drone  
  81  5:48  Drone  
  84  6:06  Zerg Ground Armor Level 1, Zerg Melee Weapons Level 1  
  84  6:07  Hydralisk x3, Muscular Augments  
  84  6:08  Zergling x4  
  84  6:09  Zergling x14  
  99  6:18  Hatchery  
  98  6:20  Centrifical Hooks  
  98  6:23  Hydralisk, Zergling x4  
  102  6:29  Infestation Pit  
  101  6:34  Hydralisk x2  
  101  6:35  Zergling x2  
  101  6:38  Baneling x4  
  106  6:54  Overlord x3  
  106  7:11  Hydralisk  
  106  7:12  Hydralisk x3, Zergling x8  
  106  7:13  Zergling x2  
  107  7:27  Overseer  
  107  7:31  Hive  
  107  7:32  Drone  
  107  7:33  Drone x4  
  107  7:34  Drone x2  
  107  7:35  Drone x5  
  119  7:40  Hatchery, Hydralisk x2  
  122  7:50  Hydralisk  
  122  7:51  Hydralisk, Zergling x4  
  124  7:55  Hydralisk x2  
  131  8:06  Hydralisk  
  131  8:07  Zergling x4  
  131  8:09  Overlord  
  131  8:10  Baneling x2  
  131  8:11  Baneling  
  135  8:16  Baneling x6  
  107  8:27  Hydralisk x5, Zergling x2  
  107  8:28  Zergling x8  
  113  8:35  Hydralisk x2, Zergling x6  
  113  8:39  Hydralisk  
  113  8:40  Zergling x4  
  115  8:49  Hydralisk x3, Zergling x2  
  115  8:50  Zergling x2  
  115  8:55  Hydralisk, Zergling x4  
  114  8:56  Zergling x2  
  114  8:58  Baneling  
  114  9:02  Ultralisk Cavern  
  114  9:03  Baneling x3  
  114  9:04  Zergling x6  
  116  9:10  Hydralisk x2  
  116  9:11  Zergling x4  
  116  9:12  Zergling x2  
  116  9:14  Zergling x2  
  116  9:15  Zergling x2  
  121  9:19  Hydralisk, Zergling x2  
  121  9:24  Hydralisk  
  121  9:25  Zergling x2  
  121  9:26  Zergling x2  
  121  9:29  Zergling x4  
  120  9:33  Zergling x8  
  120  9:36  Hydralisk  
  120  9:37  Zergling x4  
  122  9:46  Baneling  
  122  9:47  Baneling x2  
Show
View Real Time Build Order
Export as new Build Order

thermy Terran - Winner!

Build Orders: Reaper Expand, MMM Bio 

Get SALT Encoding   

  12  0:02  SCV  
  14  0:14  SCV  
  14  0:19  Supply Depot  
  14  0:26  SCV  
  15  0:29  Refinery  
  15  0:40  SCV  
  16  0:46  Barracks  
  16  0:53  SCV  
  17  1:05  SCV  
  18  1:17  SCV  
  19  1:33  Orbital Command, Reaper  
  20  1:46  Command Center  
  20  1:56  Factory  
  20  2:00  SCV  
  21  2:06  Barracks Reactor  
  21  2:12  SCV  
  22  2:18  Refinery, Supply Depot  
  22  2:24  SCV  
  23  2:40  SCV  
  23  2:43  Marine x2  
  26  2:45  Starport  
  26  2:51  Widow Mine  
  26  2:52  SCV  
  29  3:01  Marine x2  
  29  3:02  Orbital Command  
  29  3:04  SCV  
  32  3:16  SCV  
  33  3:21  Marine x2  
  33  3:22  Medivac  
  37  3:28  SCV x2  
  39  3:34  Supply Depot  
  39  3:41  SCV x2  
  39  3:46  Command Center  
  40  3:50  Marine  
  40  3:51  Marine  
  40  3:54  SCV  
  40  3:55  SCV  
  44  4:00  Engineering Bay  
  44  4:05  Engineering Bay  
  44  4:07  SCV  
  45  4:12  SCV  
  46  4:19  SCV  
  46  4:21  Barracks Tech Lab  
  46  4:23  Barracks  
  47  4:24  Barracks  
  47  4:26  Factory Reactor  
  47  4:29  SCV, Supply Depot  
  48  4:36  Refinery  
  48  4:38  SCV, Refinery  
  49  4:41  Stimpack  
  49  4:45  SCV  
  50  4:50  SCV  
  51  4:55  Terran Infantry Armor Level 1, Terran Infantry Weapons Level 1  
  51  4:57  SCV  
  52  5:01  Orbital Command  
  52  5:02  Marine, SCV  
  52  5:05  Starport Reactor  
  53  5:09  SCV  
  54  5:14  SCV, Factory Reactor  
  54  5:17  Marine x2  
  54  5:20  Marine  
  58  5:21  Marine x2  
  58  5:22  SCV  
  58  5:27  SCV  
  60  5:34  Marine, Orbital Command, SCV  
  60  5:35  Marine  
  63  5:39  Marine x2, SCV, Supply Depot  
  66  5:44  Barracks  
  66  5:45  Marine  
  66  5:46  SCV, Barracks  
  68  5:51  SCV, Widow Mine x2  
  68  5:53  Medivac  
  75  5:59  SCV x2  
  75  6:01  Supply Depot  
  75  6:03  Medivac  
  79  6:07  Armory  
  79  6:08  SCV  
  79  6:09  Marine  
  81  6:11  Marine  
  81  6:12  Marine  
  81  6:17  Supply Depot  
  83  6:19  Marine  
  83  6:21  Marine  
  83  6:23  Widow Mine  
  83  6:24  Widow Mine  
  83  6:25  Supply Depot  
  89  6:26  SCV  
  89  6:27  SCV, Marine  
  89  6:32  SCV, Supply Depot  
  93  6:33  Supply Depot  
  93  6:34  Barracks Reactor  
  93  6:35  Barracks Reactor  
  93  6:39  SCV x2, Marine  
  96  6:42  Marine x2  
  96  6:46  Marine x2  
  100  6:52  Supply Depot  
  100  6:53  Terran Infantry Armor Level 2, Terran Infantry Weapons Level 2  
  100  6:57  Marine  
  100  6:59  Marine  
  100  7:00  Marine  
  103  7:04  Marine x2  
  103  7:08  Barracks x2, Medivac  
  107  7:09  Barracks  
  107  7:11  Medivac  
  107  7:12  Marine x2  
  107  7:14  Marine x2  
  113  7:17  Marine x2  
  110  7:23  Marine  
  110  7:26  Marine x2  
  112  7:30  Marine x2  
  112  7:32  Marine x2  
  112  7:34  Marine, Widow Mine x2  
  112  7:35  Supply Depot  
  121  7:38  Marine, Medivac  
  121  7:39  Supply Depot  
  121  7:40  Supply Depot  
  121  7:41  Marine, Medivac  
  121  7:44  Marine x2  
  126  7:47  Marine  
  126  7:48  Combat Shields  
  128  7:55  Marine  
  129  7:59  Barracks Reactor, Barracks Tech Lab  
  129  8:00  Barracks Tech Lab, Marine  
  129  8:01  Marine x3  
  129  8:03  Marauder  
  129  8:05  Marine, Supply Depot  
  136  8:16  Medivac x2  
  140  8:24  Marauder  
  140  8:26  Marauder x2, Marine x4  
  133  8:28  Marine  
  133  8:30  Marine  
  133  8:31  Marine x2  
  130  8:34  Widow Mine  
  130  8:39  Marine x2  
  121  8:43  Marine x2  
  121  8:44  Marine x2  
  121  8:45  Marauder  
  121  8:46  Marine, Medivac  
  121  8:48  Marauder x2  
  127  8:49  Marine  
  127  8:50  Marine x2  
  125  8:57  Marine  
  125  8:58  Marine  
  125  9:01  Marine x2  
  125  9:02  Marine  
  130  9:04  Widow Mine x2  
  130  9:07  Marauder  
  130  9:09  Marauder x2  
  136  9:14  Marine x2  
  136  9:15  Marine x2  
  136  9:21  Marine x2  
  136  9:23  Medivac  
  134  9:28  Marauder  
  134  9:30  Marauder x2  
  139  9:31  Marine  
  139  9:37  Marine x2  
  142  9:38  Marine  
  142  9:40  Marine  
  142  9:44  Supply Depot  
  144  9:48  Supply Depot  
Tags
 
Add a new tag
Caveats
  • Supply blocks, unpowered buildings, or Contaminate may cause inaccurate times.
  • Supply counts are checked every 10 seconds.